woodfighter, chaotic female giant Ranger ---------- |........| |........| |...<....|------------ |........|..>..|.....----- |........|.....+```......| |..----+-|.....|.........| |---..|.|-.---.----.----.| |.)...|^|....|..| |.u.`..| |..|..|^|.[.)...---......| --.|....|.....-`..Q......| |.|....|.---...---@------ |.------............| |..............------ |..------------- ---- woodfighter the Ranger Experience level: 7 Strength: 23 Dexterity: 10 Constitution: 15 Intelligence: 15 Wisdom: 13 Charisma: 7 Health: 0(46) Energy: 28(28) Def: 17 Gold: 0 Moves: 8303 Dungeon seed [set]: Game ID: woodfighter_1678406347 Your Inventory: Weapons a - an uncursed +2 sling (weapon in hand) w - the cursed -3 Valerian Armor e - an uncursed +0 dwarvish cloak g - an uncursed +0 pair of high boots (being worn) q - a blessed +2 dented pot (being worn) u - an uncursed +0 elven shield (being worn) H - an uncursed +1 mummy wrapping W - an uncursed +1 orcish shield Y - an uncursed +1 large shield Comestibles b - 6 uncursed cram rations v - an uncursed sprig of wolfsbane J - 2 uncursed eucalyptus leaves S - 7 uncursed food rations Scrolls l - 2 uncursed scrolls of earth o - an uncursed scroll of identify p - an uncursed scroll of blank paper Rings k - a cursed ring of hunger x - an uncursed ring of shock resistance Wands m - an uncursed wand of lightning (0:7) y - an uncursed wand of create monster (0:14) F - an uncursed wand of enlightenment (0:11) Gems P - 23 uncursed flints (in quiver) Boulders/Statues r - an uncursed boulder Spells and supernatural/magical abilities: Name Level Category Fail Memory W - pray for help -- divine ? -- Your skills at the end: Miscellaneous Skills shield [Basic] wands [Basic] Weapon Skills two-handed sword [Basic] sling [Basic] Spellcasting Skills Final Attributes: You were devoutly aligned. You were sleep resistant. You had automatic searching. You had infravision. You were somewhat stealthy. You were unlucky. You are dead. Vanquished creatures: a large mimic a leprechaun a piranha a dwarf mummy a Green-elf a dust vortex 4 apes a human zombie a rope golem a fog cloud 3 shriekers a gnome lord 4 elf zombies a straw golem 2 paper golems 2 giant ants a kitten a dwarf a kobold lord 2 iguanas 2 hill orcs a rothe 2 centipedes 4 jitterbugs 3 giant bats 10 killer bees 2 coyotes 2 hobbits an acid blob 2 large kobolds 5 geckos 2 hobgoblins 4 giant rats a green mold a red mold 4 gnomes 5 garter snakes 2 manes 5 jackals 2 foxes 3 newts a goblin 13 grid bugs a bat 4 lichens 2 kobold zombies 115 creatures vanquished. Voluntary challenges: You did not adorn yourself with jewelry or accessories. You did not cause conflict. You were not invisible. You did not have reflection. You were not displaced. You had been an atheist until turn 4070. You did not donate to any temples.. You never hit with a wielded weapon. You did not apply a unicorn horn. You did not use plumbed fixtures. You did not drink any magical draughts. You read items or engraved 2 times, starting on turn 6259. You never genocided any monsters. You never polymorphed an object. You never changed form. You cheated in Sokoban 2 times, without finishing. You used no wishes. You did not wear or wield any artifacts. You did not apply or invoke any artifacts. You never split a pudding. You never wrote Elbereth's name. You never violated your personal moral code. You enabled loading special bones files. Dungeon overview: The Dungeons of Doom: levels 1 to 8 Level 1 a vault, a fountain a long staircase Level 2 a fountain, a sink Level 3 stairs to The Gnomish Mines Level 4 (box) Level 5 some fountains Level 6 many fountains Level 7 (water) a general store stairs to Sokoban Level 8 The Gnomish Mines: Level 4 stairs to The Dungeons of Doom Sokoban: levels 5 to 6 Level 5 (white unicorn) <- You were here Level 6 an altar to Venus, a magic chest stairs to The Dungeons of Doom History has recorded: On T:1 you entered the Dungeons of Doom to retrieve the Amulet of Yendor! On T:213 you reached level 2 of The Dungeons of Doom. On T:636 you reached level 3 of The Dungeons of Doom. On T:1244 you advanced to experience level 2. On T:1372 you reached level 4 of The Dungeons of Doom. On T:1572 you reached level 1 of The Gnomish Mines. On T:2085 you advanced to experience level 3. On T:2133 you reached level 5 of The Dungeons of Doom. On T:2670 you advanced to experience level 4. On T:3223 you reached level 6 of The Dungeons of Doom. On T:3827 you advanced to experience level 5. On T:3972 you reached level 7 of The Dungeons of Doom. On T:4016 you advanced to experience level 6. On T:4070 you prayed to Mars. On T:5030 you reached level 4 of Sokoban. On T:5346 you reached level 8 of The Dungeons of Doom. On T:5749 you advanced to experience level 7. On T:6254 you opened a magic chest. On T:6999 you reached level 3 of Sokoban. Score breakdown: Gold: 0 ( 0 points) Experience: 7 levels ( 600 points) Exploration: 8 levels ( 210 points) Discoveries: 14 items ( 700 points) Variety of kills: 46 monsters ( 2000 points) Major goal: (nothing yet) ( 0 points) Survival: died (score multiplied by 3) Total score: 10530 Latest messages: You shoot 2 flints. The 1st flint misses the jitterbug. The 2nd flint hits the jitterbug. The jitterbug bites! You shoot 2 flints. The 1st flint hits the jitterbug. You kill the jitterbug! P - 2 uncursed flints (in quiver). (2x) With little effort you move the boulder. You see here a crude dagger. The boulder falls into and plugs a hole in the floor! With little effort you move the boulder. The Woodland-elf wields a runed bow! The Woodland-elf wields a runed short sword named Death Sword! The Woodland-elf thrusts his runed short sword named Death Sword at you. The Woodland-elf stabs you! The flint hits the Woodland-elf. The Woodland-elf thrusts his runed short sword named Death Sword at you. The Woodland-elf stabs you! The Woodland-elf thrusts his runed short sword named Death Sword at you. The Woodland-elf stabs you! The Woodland-elf thrusts his runed short sword named Death Sword at you. The Woodland-elf stabs you! You die... Final status: Goodbye woodfighter the Ranger, killed by a Woodland-elf... You died in Sokoban on dungeon level 5 with 10530 points, and 0 pieces of gold, after 8303 moves. You were level 7 with a maximum of 46 hit points when you died.